 Dungeon Crawl Stone Soup version 0.31-a0-232-gb1c03b2570 (webtiles) character file.

Game seed: 580308967860656250

1603 qw the Skirmisher (level 8, -5/70 HPs)
             Began as a Minotaur Hexslinger on July 7, 2023.
             Was a Follower of Okawaru.
             Killed from afar by Maggie (36 damage)
             ... with a bolt of fire
             ... on level 6 of the Dungeon.
             The game lasted 00:02:23 (4261 turns).

qw the Skirmisher (Minotaur Hexslinger)             Turns: 4261, Time: 00:02:23

Health: -5/70      AC:  8    Str: 13    XL:     8   Next: 62%
Magic:  8/9        EV: 15    Int: 10    God:    Okawaru [*.....]
Gold:   334        SH:  0    Dex: 15    Spells: 8/9 levels left

rFire   x . .        Y - +4 sling
rCold   . . .        (no shield)
rNeg    . . .        j - +2 leather armour "Naps" {Rampage rF- Regen+ Stlth+}
rPois   .            (helmet restricted)
rElec   .            (no cloak)
rCorr   .            f - +0 pair of gloves
SInv    .            k - +0 pair of boots
Will    +....        l - amulet of regeneration
Stlth   ++++         h - ring of willpower
HPRegen 1.91/turn    (no ring)
MPRegen 0.11/turn

%: rampage
@: heroic
A: horns 2, retaliatory headbutt
a: Renounce Religion, Heroism


You were on level 6 of the Dungeon.
You worshipped Okawaru.
Okawaru was aware of your devotion.
You visited 2 branches of the dungeon, and saw 7 of its levels.

You collected 334 gold pieces.


Innate Abilities, Weirdness & Mutations

You have a pair of horns on your head.
You reflexively headbutt those who attack you in melee.


   Skills:
 - Level 6.2(11.2) Fighting
 + Level 9.8(14.8) Ranged Weapons
 - Level 1.1(6.1) Armour
 - Level 3.0(8.0) Dodging
 - Level 1.0 Spellcasting
 - Level 2.0 Hexes
 + Level 2.9 Invocations


You had 8 spell levels left.
You knew the following spells:

 Your Spells              Type           Power      Damage    Failure   Level
a - Slow                  Hex            16%        N/A       19%         1

Your spell library contained the following spells:

 Spells                   Type           Power      Damage    Failure   Level
 Inner Flame              Hex/Fire       2%         N/A       63%         3
 Portal Projectile        Hex/Tloc       4%         N/A       63%         3
 Cause Fear               Hex            2%         N/A       88%         4

Inventory:

Hand Weapons
 Y - a +4 sling (weapon)
Armour
 c - a +1 robe of willpower
 d - a +0 ring mail
 f - a +0 pair of gloves (worn)
 j - the +2 leather armour "Naps" (worn) {Rampage rF- Regen+ Stlth+}
   (You found it on level 3 of the Dungeon)

   rF:        It makes you vulnerable to fire.
   Regen:     It increases your rate of health regeneration.
   Rampage:   It bestows one free step when moving towards enemies.
   Stlth:     It makes you more stealthy.
 k - a +0 pair of boots (worn)
Jewellery
 h - a ring of willpower (left hand)
 l - an amulet of regeneration (around neck)
Scrolls
 a - 4 scrolls of teleportation
 r - 2 scrolls of identify
Potions
 b - a potion of enlightenment
 g - a potion of curing
 i - 3 potions of heal wounds
 m - a potion of brilliance {unknown}
 n - a potion of resistance
 o - a potion of berserk rage {unknown}

Dungeon Overview and Level Annotations

Branches:
Dungeon (6/15)             Temple (1/1) D:5

Altars:
Ashenzari
Cheibriados
Dithmenos
Elyvilon
Fedhas
Makhleb
Nemelex Xobeh
Okawaru
Qazlal
Trog
Uskayaw
Vehumet
Yredelemnul
The Shining One

Shops:
D:5 [

Annotations:
D:6 Maggie


Message History

You gain the combat prowess of a mighty hero.
Maggie barely misses you. You furiously retaliate!
You headbutt Maggie. You shoot a sling bullet. The sling bullet hits Maggie.
Maggie is heavily wounded.
Maggie closely misses you.
You shoot a sling bullet. The sling bullet barely misses Maggie.
Maggie gestures at you while chanting. The bolt of fire hits you!!
The fire burns you terribly!
You shoot a sling bullet.
The sling bullet hits Maggie but does no damage.
Maggie is heavily wounded.
Maggie hits you with a +0 long sword.
You shoot a sling bullet. The sling bullet barely misses Maggie.
You shoot a sling bullet. The sling bullet hits Maggie.
Maggie is heavily wounded.
Maggie completely misses you.
You shoot a sling bullet. The sling bullet hits Maggie.
Maggie is heavily wounded.
Maggie hits you with a +0 long sword.
You shoot a sling bullet. The sling bullet hits Maggie.
Maggie is severely wounded.
Maggie closely misses you.
You shoot a sling bullet. The sling bullet closely misses Maggie.
You shoot a sling bullet. The sling bullet barely misses Maggie.
Maggie barely misses you.
You shoot a sling bullet. The sling bullet hits Maggie!
Maggie is severely wounded.
Maggie barely misses you.
You shoot a sling bullet. The sling bullet hits Maggie.
Maggie is almost dead.
Maggie misses you.
You shoot a sling bullet.
The sling bullet hits Maggie but does no damage.
Maggie is almost dead.
You shoot a sling bullet. The sling bullet hits Maggie.
Maggie is almost dead.
Maggie gestures at you while chanting. The bolt of fire hits you!!!
The fire burns you terribly!
Ouch! That really hurt!
You die...

#.##.#.##.#.#......##...
#.##.#......#......'....
#.##.########......#....
#.##......)...#######...
#.############# #...
###.# ....... ###.
#...### ....... #.
##.....####....... #
#......'..@.......
###....####@......
#....# ....... #....#
....... #....# .......
#....# ....... ######
....... #######


You could see Maggie.

Vanquished Creatures
  3 ice beasts (D:6)
  An ogre (D:5)
  A phantom (D:4)
  A bullfrog (D:6)
  5 scorpions
  A howler monkey (D:5)
  A hound (D:5)
  2 orc priests
  3 jellies
  Jessica (D:3)
  Natasha (D:2)
  2 sleepcaps (D:6)
  6 orc wizards
  10 gnolls
  12 adders
  A white imp (D:6)
  5 dart slugs
  21 orcs
  8 endoplasms
  2 giant cockroaches (D:2)
  10 goblins
  9 hobgoblins
  8 jackals
  3 quokkas
  6 ball pythons
  5 bats
  4 frilled lizards
  6 kobolds
  6 rats
144 creatures vanquished.

Notes
Turn   | Place    | Note
-------+----------+-------------------------------------------
     0 | D:1      | qw the Minotaur Hexslinger began the quest for the Orb.
     0 | D:1      | Reached XP level 1. HP: 16/16 MP: 1/1
     0 | D:1      | 0 ||| qw: Version: 0.3-a-46-gb1f654a
     0 | D:1      | 0 ||| qw: Game counter: 2323
     0 | D:1      | 0 ||| qw: Melee chars always use a shield: true
     0 | D:1      | 0 ||| qw: God list: Okawaru
     0 | D:1      | 0 ||| qw: Allow faded altars: false
     0 | D:1      | 0 ||| qw: Do Orc after clearing Dungeon:15 true
     0 | D:1      | 0 ||| qw: Do second Lair branch before Depths: true
     0 | D:1      | 0 ||| qw: Lair rune preference: random
     0 | D:1      | 0 ||| qw: Goals: Normal
     0 | D:1      | 0 ||| PLANNING D:1-11
    24 | D:1      | Reached skill level 3 in Ranged Weapons
    39 | D:1      | Reached XP level 2. HP: 23/23 MP: 2/2
   539 | D:1      | Reached XP level 3. HP: 29/29 MP: 3/3
   650 | D:1      | 650 ||| UPGRADING to +0 ring mail.
   660 | D:1      | 660 ||| DROPPING +0 robe.
   661 | D:1      | 661 ||| UPGRADING to +0 pair of boots.
   666 | D:1      | 666 ||| UPGRADING to amulet of regeneration.
   671 | D:1      | 671 ||| UPGRADING to ring of willpower.
   672 | D:1      | 672 ||| READING 2 scrolls labelled YNAL ROOWK.
   676 | D:1      | 676 ||| READING scroll labelled QIWESS NAVVU.
   677 | D:1      | 677 ||| DROPPING scroll of poison.
   748 | D:2      | Reached skill level 4 in Ranged Weapons
   766 | D:2      | Reached skill level 1 in Armour
   793 | D:2      | Found a faded altar of an unknown god.
   940 | D:2      | Reached XP level 4. HP: 36/36 MP: 4/4
  1246 | D:2      | Noticed Natasha
  1254 | D:2      | Killed Natasha
  1378 | D:2      | Reached skill level 5 in Ranged Weapons
  1623 | D:3      | Reached skill level 3 in Fighting
  1623 | D:3      | Reached XP level 5. HP: 37/45 MP: 5/5
  1623 | D:3      | 1623 ||| FLEEEEING.
  1700 | D:3      | 1700 ||| Stepping ~*~*~tactically~*~*~ (outnumbered).
  1702 | D:3      | 1702 ||| Stepping ~*~*~tactically~*~*~ (outnumbered).
  1704 | D:3      | 1704 ||| Stepping ~*~*~tactically~*~*~ (outnumbered).
  1716 | D:3      | Reached skill level 6 in Ranged Weapons
  1829 | D:3      | Identified the +2 leather armour "Naps" {Rampage rF- Regen+
                  | Stlth+}
  1895 | D:3      | Noticed Jessica
  1899 | D:3      | Killed Jessica
  1900 | D:3      | Reached XP level 6. HP: 48/52 MP: 6/6
  2081 | D:3      | 2081 ||| UPGRADING to +1 robe of willpower.
  2091 | D:3      | 2091 ||| UPGRADING to +2 leather armour "Naps" {Rampage rF-
                  | Regen+ Stlth+}.
  2101 | D:3      | 2101 ||| READING scroll labelled PYODWE HAIBEUP.
  2102 | D:3      | 2102 ||| READING scroll labelled ICYESS BUR FUQ.
  2103 | D:3      | 2103 ||| DRINKING 2 fuming black potions.
  2104 | D:3      | 2104 ||| DRINKING 2 red potions.
  2248 | D:4      | Found a basalt altar of Yredelemnul.
  2254 | D:4      | Found a glowing golden altar of the Shining One.
  2256 | D:4      | Noticed an angel
  2392 | D:4      | Found a blossoming altar of Fedhas.
  2447 | D:4      | Reached skill level 7 in Ranged Weapons
  2481 | D:4      | Reached XP level 7. HP: 59/59 MP: 7/7
  2802 | D:4      | Found a shadowy altar of Dithmenos.
  2847 | D:4      | Found a bloodstained altar of Trog.
  2914 | D:4      | 2914 ||| UPGRADING to +0 pair of gloves.
  2919 | D:4      | 2919 ||| READING scroll labelled ZAUJIR GAURGH.
  2920 | D:4      | 2920 ||| READING scroll labelled ZAEQ YSHROA.
  2921 | D:4      | 2921 ||| READING 2 scrolls labelled JOWILO DAXEDD.
  2922 | D:4      | 2922 ||| READING scroll labelled YDOEQO QUPUGA.
  2923 | D:4      | 2923 ||| READING 2 scrolls of identify.
  2923 | D:4      | 2923 ||| IDENTIFYING pink potion
  2924 | D:4      | 2924 ||| DROPPING scroll of fear.
  2932 | D:5      | Entered Level 5 of the Dungeon
  2936 | D:5      | 2936 ||| STAIRDANCE
  2958 | D:5      | Reached skill level 8 in Ranged Weapons
  3036 | D:5      | 3036 ||| STAIRDANCE
  3045 | D:4      | 3045 ||| DROPPING ring of flight.
  3085 | D:5      | 3085 ||| Stepping ~*~*~tactically~*~*~ (outnumbered).
  3087 | D:5      | 3087 ||| Stepping ~*~*~tactically~*~*~ (outnumbered).
  3114 | D:5      | Found a burning altar of Makhleb.
  3159 | D:5      | Reached skill level 3 in Dodging
  3176 | D:5      | Found a staircase to the Ecumenical Temple.
  3177 | D:5      | 3177 ||| PLANNING TEMPLE
  3187 | Temple   | Entered the Ecumenical Temple
  3269 | Temple   | 3269 ||| PLANNING OKAWARU WORSHIP
  3341 | Temple   | Became a worshipper of Warmaster Okawaru
  3342 | Temple   | 3342 ||| PLANNING D:1-11
  3369 | D:5      | 3369 ||| READING scroll of enchant weapon.
  3369 | D:5      | 3369 ||| ENCHANTING +2 sling.
  3418 | D:5      | 3418 ||| FLEEEEING.
  3428 | D:5      | Reached XP level 8. HP: 68/68 MP: 8/8
  3460 | D:5      | Found Bitec's Armour Shop.
  3467 | D:5      | Reached skill level 9 in Ranged Weapons
  3473 | D:5      | 3473 ||| SHOPLISTING +3 leather armour "Ripiam" {rF+ Int+3
                  | Stlth-} (430 gold, have 278).
  3865 | D:5      | 3865 ||| READING 3 scrolls labelled BEEGROFOA.
  3866 | D:5      | 3866 ||| READING scroll labelled GAELA NIMOPROR.
  3867 | D:5      | 3867 ||| DRINKING 2 grey potions.
  3868 | D:5      | 3868 ||| READING 2 scrolls of identify.
  3868 | D:5      | 3868 ||| IDENTIFYING yellow potion
  3869 | D:5      | 3869 ||| DROPPING potion of ambrosia.
  3870 | D:5      | 3870 ||| DROPPING 2 scrolls of immolation.
  3939 | D:6      | Reached skill level 6 in Fighting
  3969 | D:6      | Reached * piety under Okawaru
  4000 | D:6      | 4000 ||| FLEEEEING.
  4001 | D:6      | 4001 ||| FLEEEEING.
  4002 | D:6      | 4002 ||| FLEEEEING.
  4003 | D:6      | 4003 ||| FLEEEEING.
  4004 | D:6      | 4004 ||| FLEEEEING.
  4005 | D:6      | 4005 ||| FLEEEEING.
  4006 | D:6      | 4006 ||| FLEEEEING.
  4007 | D:6      | 4007 ||| FLEEEEING.
  4008 | D:6      | 4008 ||| FLEEEEING.
  4009 | D:6      | 4009 ||| FLEEEEING.
  4010 | D:6      | 4010 ||| FLEEEEING.
  4011 | D:6      | 4011 ||| FLEEEEING.
  4012 | D:6      | 4012 ||| FLEEEEING.
  4013 | D:6      | 4013 ||| FLEEEEING.
  4023 | D:6      | Reached skill level 1 in Invocations
  4079 | D:6      | 4079 ||| READING scroll of enchant weapon.
  4079 | D:6      | 4079 ||| ENCHANTING +3 sling.
  4239 | D:6      | Noticed Maggie
  4248 | D:6      | 4248 ||| INVOKING Heroism.
  4261 | D:6      | Killed from afar by Maggie

Levels and vault maps discovered:
D:1:      dpeg_arrival_radiant, layout_basic
D:2:      layout_basic, shapermc_ecumenical_altar_acropolis, uniq_natasha
D:3:      layout_rooms, uniq_jessica
D:4:      layout_basic, grunt_temple_overflow_holy_war, fedhas_ov_isle_minmay,
          nicolae_overflow_hidden_temple, lemuel_crystal_altar
D:5:      layout_loops_ring, mainiacjoe_overflow_concentric_impassable,
          minmay_temple_entry_offerings, serial_shops, shop
D:6:      layout_basic, zin_statuary, hangedman_decor_opposing,
          uniq_blork_the_orc, uniq_maggie
Temple:   hellmonk_temple_flake

Skill      XL: |  1  2  3  4  5  6  7  8 |
---------------+-------------------------+-----
Ranged Weapons | 3 4 5 6 7 8 9 |  9.8
Fighting       | 2 3 4 5 6 |  6.2
Armour         | 1 |  1.1
Dodging        | 3 |  3.0
Invocations    | 2 |  2.9
Spellcasting   | |  1.0
Hexes          | |  2.0

Action                     |  1- 3 |  4- 6 |  7- 9 || total
---------------------------+-------+-------+-------++-------
   Fire: Sling             |   110 |   238 |   269 ||   617
 Invoke: Heroism           |       |       |     1 ||     1
    Use: Scroll            |     2 |     2 |    10 ||    14
         Potion            |       |     2 |     1 ||     3
 Armour: Robe              |     5 |       |       ||     5
         Ring mail         |     5 |    33 |       ||    38
         Leather armour    |       |    17 |    49 ||    66
  Dodge: Dodged            |    31 |    69 |    63 ||   163

Table legend:
 A = Non-vault XP
 B = Vault XP
 C = Vault XP percentage of total XP
 D = Non-vault monster count
 E = Vault monster count
 F = Vault count percentage of total count
                 A         B        C        D         E       F
            +---------+---------+-------+---------+---------+-------
      Total |    2216 |      74 |   3.2 |     142 |       2 |   1.4
            +---------+---------+-------+---------+---------+-------
        D:1 |      45 |       0 |   0.0 |      23 |       0 |   0.0
        D:2 |      79 |      37 |  31.9 |      25 |       1 |   3.8
        D:3 |     222 |      37 |  14.3 |      25 |       1 |   3.8
        D:4 |     435 |       0 |   0.0 |      25 |       0 |   0.0
        D:5 |     735 |       0 |   0.0 |      30 |       0 |   0.0
        D:6 |     700 |       0 |   0.0 |      14 |       0 |   0.0
            +---------+---------+-------+---------+---------+-------
